 Dungeon Sprint DCSS version 0.21-a0-91-ga5031da (webtiles) character file.

8449 pib the Convoker (level 11, -2/66 HPs)
             Began as an Octopode Fire Elementalist on June 30, 2017.
             Was the Champion of Sif Muna.
             Killed from afar by a wizard (17 damage)
             ... with a bolt of lightning
             ... in the Dungeon (Sprint V: "Ziggurat Sprint").
             The game lasted 00:16:49 (1153 turns).

pib the Convoker (Octopode Fire Elementalist)       Turns: 1153, Time: 00:16:49

Health: -2/66      AC:  1    Str: 20    XL:     11   Next: 31%
Magic:  19/27      EV: 16    Int: 32    God:    Sif Muna [******]
Gold:   0          SH:  0    Dex: 25    Spells: 3/34 levels left

rFire    . . .     SeeInvis .   L - staff of wizardry
rCold    . . .     Gourm    .   (no shield)
rNeg     . . .     Faith    .   (helmet restricted)
rPois    .         Spirit   .   (no amulet)
rElec    .         Reflect  .   x - +6 ring of dexterity
rCorr    .         Harm     .   y - +6 ring of dexterity
MR       +....     NoTele   +   z - +6 ring of intelligence
Stlth    ++++......             A - +6 ring of intelligence
HPRegen  0.21/turn              B - +6 ring of strength
MPRegen  0.20/turn              C - +6 ring of strength
                                V - ring of protection from magic
                                (no ring)

@: no status effects
A: almost no armour, stealthy swim, amphibious, 8 rings, constrict 8, camouflage
1, gelatinous body 1
a: Divine Energy, Channel Magic, Forget Spell, Renounce Religion


You were in the Dungeon.
You worshipped Sif Muna.
Sif Muna was exalted by your worship.
You were not hungry.

You visited 1 branch

Inventory:

Hand Weapons
 H - the +6 Majin-Bo {vamp, Archmagi MP+6 Int+6}
   (You found it in the Dungeon)

   It inflicts no extra harm, but heals its wielder when it wounds a living foe.
   It affects your intelligence (+6).
   It affects your magic capacity (+6).
 I - the +8 lance "Wyrmbane" {slay drac, rPois rF+ rC+ AC+3}
   (You found it in the Dungeon)

   It affects your AC (+3).
   It protects you from fire.
   It protects you from cold.
   It protects you from poison.
Armour
 J - the +18 shield of the Gong {rElec rN+ MR+ EV-5}
   (You found it in the Dungeon)

   It affects your evasion (-5).
   It insulates you from electricity.
   It protects you from negative energy.
   It affects your resistance to hostile enchantments.
Magical Staves
 L - an uncursed staff of wizardry (weapon)
 X - an uncursed staff of power
Jewellery
 x - a +6 ring of dexterity (left tentacle)
 y - a +6 ring of dexterity (right tentacle)
 z - a +6 ring of intelligence (on tentacle)
 A - a +6 ring of intelligence (on tentacle)
 B - a +6 ring of strength (on tentacle)
 C - a +6 ring of strength (on tentacle)
 V - a ring of protection from magic (on tentacle)
Wands
 D - a wand of disintegration (2/24)
 E - a wand of iceblast (8/15)
 F - a wand of lightning (2/15)
 G - a wand of acid (7/15)
Scrolls
 h - 2 scrolls of blinking
 o - 3 scrolls of amnesia
 q - 7 scrolls of fog
 r - a scroll of holy word
 s - 5 scrolls of identify
 t - 5 scrolls of remove curse
 u - 2 scrolls of fear
Potions
 c - 10 potions of curing
 d - 6 potions of heal wounds
 e - 5 potions of haste
 f - 7 potions of magic
 g - 3 potions of berserk rage
 i - 2 potions of brilliance
 j - 2 potions of invisibility
 k - 4 potions of resistance
 m - 5 potions of agility
 n - 5 potions of might
Books
 a - a book of Flames

   Spells                             Type                      Level
   a - Flame Tongue                   Conjuration/Fire             1
   b - Throw Flame                    Conjuration/Fire             2
   c - Conjure Flame                  Conjuration/Fire             3
   d - Inner Flame                    Hexes/Fire                   3
   e - Sticky Flame                   Conjuration/Fire             4
   f - Fireball                       Conjuration/Fire             5
 p - Sif Muna's Handbook of Conjuration
   (Sif Muna gifted it to you in the Dungeon)

   Spells                             Type                      Level
   a - Static Discharge               Conjuration/Air              3
   b - Bolt of Draining               Conjuration/Necromancy       5
   c - Poison Arrow                   Conjuration/Poison           6
   d - Fire Storm                     Conjuration/Fire             9
 M - a book of Clouds

   Spells                             Type                      Level
   a - Poisonous Vapours              Poison/Air                   2
   b - Mephitic Cloud                 Conjuration/Poison/Air       3
   c - Conjure Flame                  Conjuration/Fire             3
   d - Freezing Cloud                 Conjuration/Ice/Air          6
   e - Ring of Flames                 Charms/Fire                  7
 O - a book of Transfigurations

   Spells                             Type                      Level
   a - Irradiate                      Conjuration/Transmutation    5
   b - Statue Form                    Transmutation/Earth          6
   c - Hydra Form                     Transmutation                6
   d - Dragon Form                    Transmutation                7
 P - a book of the Dragon

   Spells                             Type                      Level
   a - Flame Tongue                   Conjuration/Fire             1
   b - Cause Fear                     Hexes                        4
   c - Bolt of Fire                   Conjuration/Fire             6
   d - Dragon Form                    Transmutation                7
   e - Dragon's Call                  Summoning                    9
 Q - a book of Debilitation

   Spells                             Type                      Level
   a - Corona                         Hexes                        1
   b - Slow                           Hexes                        2
   c - Inner Flame                    Hexes/Fire                   3
   d - Portal Projectile              Hexes/Translocation          3
   e - Cause Fear                     Hexes                        4
   f - Leda's Liquefaction            Hexes/Earth                  4
 R - a Grand Grimoire

   Spells                             Type                      Level
   a - Monstrous Menagerie            Summoning                    7
   b - Summon Greater Demon           Summoning                    7
   c - Malign Gateway                 Summoning/Translocation      7
   d - Summon Horrible Things         Summoning                    8
 T - a book of Minor Magic

   Spells                             Type                      Level
   a - Magic Dart                     Conjuration                  1
   b - Blink                          Translocation                2
   c - Call Imp                       Summoning                    2
   d - Slow                           Hexes                        2
   e - Conjure Flame                  Conjuration/Fire             3
   f - Mephitic Cloud                 Conjuration/Poison/Air       3
 U - a book of Fire

   Spells                             Type                      Level
   a - Ignite Poison                  Fire/Transmutation/Poison    3
   b - Fireball                       Conjuration/Fire             5
   c - Bolt of Fire                   Conjuration/Fire             6
   d - Ring of Flames                 Charms/Fire                  7
   e - Ignition                       Fire                         8
 Y - a book of Air

   Spells                             Type                      Level
   a - Shock                          Conjuration/Air              1
   b - Swiftness                      Charms/Air                   2
   c - Static Discharge               Conjuration/Air              3
   d - Airstrike                      Air                          4
   e - Lightning Bolt                 Conjuration/Air              5
 Z - Sif Muna's Grimoire of Conjuration
   (Sif Muna gifted it to you in the Dungeon)

   Spells                             Type                      Level
   a - Stone Arrow                    Conjuration/Earth            3
   b - Force Lance                    Conjuration/Translocation    4
   c - Bolt of Magma                  Conjuration/Fire/Earth       5
   d - Bolt of Cold                   Conjuration/Ice              6
   e - Conjure Ball Lightning         Conjuration/Air              6
   f - Orb of Destruction             Conjuration                  7
Miscellaneous
 l - a phantom mirror
 K - a crystal ball of energy
 N - a phial of floods
 W - a box of beasts
Comestibles
 b - 4 bread rations
 v - 42 fruits
 w - 4 meat rations


   Skills:
 - Level 2.7 Fighting
 - Level 3.5 Dodging
 - Level 2.6 Stealth
 - Level 12.0 Spellcasting
 - Level 12.7 Conjurations
 * Level 16.1 Summonings
 - Level 7.9 Fire Magic
 + Level 2.7 Invocations
 - Level 8.0 Evocations


You had 3 spell levels left.
You knew the following spells:

 Your Spells              Type           Power        Failure   Level  Hunger
a - Flame Tongue          Conj/Fire      #####        1%          1    None
b - Fireball              Conj/Fire      ######....   1%          5    #......
c - Bolt of Fire          Conj/Fire      ######....   2%          6    ####...
d - Dragon's Call         Summ           #######...   63%         9    #######
e - Blink                 Tloc           N/A          1%          2    None
f - Summon Horrible Thin  Summ           #######...   9%          8    #######


Dungeon Overview and Level Annotations

Branches:
Dungeon (1/1)

Altars:
Ashenzari
Cheibriados
Dithmenos
Elyvilon
Fedhas
Gozag
Hepliaklqana
Kikubaaqudgha
Makhleb
Nemelex Xobeh
Okawaru
Qazlal
Ru
Sif Muna
Trog
Uskayaw
Vehumet
Wu Jian
Xom
Yredelemnul
Zin
The Shining One
Beogh
Jiyva
Lugonu


Innate Abilities, Weirdness & Mutations

You cannot wear most types of armour.
You are very stealthy in the water. (Stealth+)
You are amphibious.
You can wear up to eight rings at the same time.
You can use your tentacles to constrict eight enemies at once.
Your skin changes colour to match your surroundings (Stealth+).
Your rubbery body absorbs attacks. (AC +1, EV +1)


Message History

You enter the transporter and appear at another place.
A centaur warrior, a yaktaur, 4 stone giants and 3 humans come into view.
The stone giant shouts!
The wizard shouts!
The stone giant shouts!
The stone giant throws a large rock.
The large rock hits you!!!
Ouch! That really hurt!
* * * LOW HITPOINT WARNING * * *
The vault guard picks up the ring of Charity {Wiz +Inv rN+ Str+4}.
The vault guard puts on the ring of Charity {Wiz +Inv rN+ Str+4}.
Found nine items.
Casting: Fireball
Confirm with . or Enter, or press ? or * to list all spells.
The centaur warrior shouts!
The yaktaur shouts!
The human shouts!
The stone giant shouts!
The stone giant throws a large rock.
The large rock hits your large abomination!!
The wizard gestures at you while chanting.
The bolt of lightning hits your large abomination. x2
Your large abomination is destroyed!
The bolt of lightning hits you!
You die...

▓..C}cp}..▓
▓..cpCC)p.▓
▓.....C...▓
▓.........▓
▓.........▓
▓...X.XX..▓
▓.▓..(..▓.▓
▓..XX@....▓
▓▓▓▓▓▓▓▓▓▓▓


You could see 4 stone giants, a vault guard, a centaur warrior, a yaktaur, a
wizard, a human and 5 friendly large abominations.

Vanquished Creatures
  2 two-headed ogres (D)
  A dancing weapon (D)
  3 cyclopes (D)
  2 toenail golems (D)
  2 naga magi (D)
  2 jumping spiders (D)
  An air elemental (D)
  2 tarantellas (D)
  3 nagas (D)
  A naga (shapeshifter) (D)
  3 water moccasins (D)
  A boggart (shapeshifter) (D)
  3 ogres (D)
  A phantom (D)
  5 scorpions (D)
  2 adders (D)
  An adder skeleton (D)
  2 ball pythons (D)
  A giant cockroach zombie (D)
38 creatures vanquished.

Vanquished Creatures (collateral kills)
  A dancing weapon (D)
  A deep elf knight (D)
  A deep elf mage (D)
  2 toenail golems (D)
  A water elemental (D)
  An earth elemental (D)
7 creatures vanquished.

Grand Total: 45 creatures vanquished

Notes
Turn   | Place    | Note
-------+----------+-------------------------------------------
     0 | D        | pib the Octopode Fire Elementalist began the quest for the Orb.
     0 | D        | Reached XP level 1. HP: 11/11 MP: 3/3
     0 | D        | Found a deep blue altar of Sif Muna.
     0 | D        | Found a sacrificial altar of Ru.
     0 | D        | Found a bloodstained altar of Trog.
     0 | D        | Found a stormy altar of Qazlal.
     0 | D        | Found an iron altar of Okawaru.
     0 | D        | Found a sparkling altar of Nemelex Xobeh.
     0 | D        | Found a blossoming altar of Fedhas.
     2 | D        | Found a transporter.
     2 | D        | Found an ancient bone altar of Kikubaaqudgha.
     2 | D        | Found a viscous altar of Jiyva.
     2 | D        | Found a corrupted altar of Lugonu.
     2 | D        | Found a hazy altar of Hepliaklqana.
     2 | D        | Found a burning altar of Makhleb.
     2 | D        | Found an opulent altar of Gozag.
    33 | D        | Became a worshipper of Sif Muna the Loreminder
    68 | D        | Reached XP level 2. HP: 17/17 MP: 4/7
   104 | D        | Entered arena 2.
   104 | D        | Noticed a naga
   104 | D        | Noticed a boggart
   104 | D        | Found a transporter.
   105 | D        | Killed a boggart
   105 | D        | Reached * piety under Sif Muna
   105 | D        | Reached skill level 5 in Fire Magic
   105 | D        | Reached XP level 3. HP: 21/21 MP: 8/8
   105 | D        | Reached XP level 4. HP: 27/27 MP: 10/10
   106 | D        | Killed a naga
   106 | D        | Reached ** piety under Sif Muna
   106 | D        | Reached XP level 5. HP: 31/31 MP: 11/11
   113 | D        | Learned a level 5 spell: Fireball
   118 | D        | Entered arena 3.
   118 | D        | Noticed a phantom
   118 | D        | Found a transporter.
   120 | D        | Killed a phantom
   120 | D        | Reached *** piety under Sif Muna
   120 | D        | Reached skill level 5 in Spellcasting
   120 | D        | Reached XP level 6. HP: 36/36 MP: 11/13
   139 | D        | Entered arena 4.
   139 | D        | Noticed a toenail golem
   139 | D        | Noticed a toenail golem
   139 | D        | Noticed a toenail golem
   139 | D        | Noticed a toenail golem
   139 | D        | Found a transporter.
   147 | D        | Killed a toenail golem
   147 | D        | Reached **** piety under Sif Muna
   147 | D        | Reached XP level 7. HP: 29/41 MP: 13/17
   149 | D        | Killed a toenail golem
   149 | D        | Reached ***** piety under Sif Muna
   149 | D        | Received a gift from Sif Muna
   149 | D        | Reached skill level 10 in Conjurations
   149 | D        | Reached XP level 8. HP: 37/46 MP: 13/19
   152 | D        | Killed a toenail golem
   154 | D        | Killed a toenail golem
   154 | D        | Received a gift from Sif Muna
   163 | D        | Learned a level 6 spell: Bolt of Fire
   276 | D        | Entered arena 5.
   276 | D        | Noticed a tarantella
   276 | D        | Found a transporter.
   277 | D        | Reached skill level 1 in Fighting
   277 | D        | Killed a tarantella
   277 | D        | Reached XP level 9. HP: 55/55 MP: 16/22
   324 | D        | Learned a level 9 spell: Dragon's Call
   326 | D        | Entered arena 6.
   326 | D        | Noticed a jumping spider
   326 | D        | Noticed a jumping spider
   326 | D        | Found a transporter.
   327 | D        | Reached skill level 1 in Summonings
   327 | D        | Reached skill level 2 in Summonings
   328 | D        | Reached skill level 4 in Summonings
   328 | D        | Killed a jumping spider
   328 | D        | Reached skill level 6 in Summonings
   329 | D        | Killed a jumping spider
   329 | D        | Received a gift from Sif Muna
   329 | D        | Reached skill level 7 in Summonings
   413 | D        | Learned a level 2 spell: Blink
   487 | D        | Entered arena 7.
   489 | D        | Reached skill level 8 in Summonings
   489 | D        | Reached skill level 9 in Summonings
   489 | D        | Reached skill level 10 in Spellcasting
   494 | D        | Found a transporter.
   728 | D        | Learned a level 5 spell: Lightning Bolt
   729 | D        | Entered arena 8.
   729 | D        | Noticed a naga mage
   729 | D        | Noticed a naga mage
   731 | D        | Killed a naga mage
   731 | D        | Identified Sif Muna's Catalogue of Venom and Translocation (Sif Muna gifted it to you in the Dungeon)
   731 | D        | Received a gift from Sif Muna
   731 | D        | Reached skill level 10 in Summonings
   731 | D        | Reached XP level 10. HP: 61/61 MP: 13/24
   733 | D        | Killed a naga mage
   733 | D        | Reached skill level 11 in Summonings
   734 | D        | Found a transporter.
   857 | D        | Entered arena 9.
   857 | D        | Noticed a deep elf mage
   857 | D        | Noticed a deep elf knight
   857 | D        | Noticed a halberd of venom
   857 | D        | Noticed a scimitar of protection
   869 | D        | Found a transporter.
   871 | D        | Killed a deep elf mage
   871 | D        | Reached skill level 12 in Summonings
   873 | D        | Identified Sif Muna's Grimoire of Conjuration (Sif Muna gifted it to you in the Dungeon)
   873 | D        | Received a gift from Sif Muna
   877 | D        | Killed a scimitar of protection
   877 | D        | Reached skill level 13 in Summonings
   879 | D        | Killed a deep elf knight
   879 | D        | Killed a halberd of venom
   879 | D        | Reached skill level 14 in Summonings
   885 | D        | Reached ****** piety under Sif Muna
  1033 | D        | Entered arena 10.
  1033 | D        | Noticed a two-headed ogre
  1033 | D        | Noticed a cyclops
  1033 | D        | Noticed a two-headed ogre
  1033 | D        | Noticed a cyclops
  1033 | D        | Noticed a cyclops
  1036 | D        | Killed a two-headed ogre
  1036 | D        | Identified Sif Muna's Handbook of Conjuration (Sif Muna gifted it to you in the Dungeon)
  1036 | D        | Received a gift from Sif Muna
  1036 | D        | Reached skill level 15 in Summonings
  1036 | D        | Reached XP level 11. HP: 66/66 MP: 9/26
  1037 | D        | Killed a cyclops
  1037 | D        | Killed a cyclops
  1039 | D        | Killed a two-headed ogre
  1039 | D        | Received a gift from Sif Muna
  1039 | D        | Reached skill level 16 in Summonings
  1041 | D        | Killed a cyclops
  1042 | D        | Found a transporter.
  1055 | D        | Identified Sif Muna's Guide on the Entourage (Sif Muna gifted it to you in the Dungeon)
  1055 | D        | Identified Sif Muna's Guide on the Entourage (Sif Muna gifted it to you in the Dungeon)
  1055 | D        | Identified Sif Muna's Guide on the Entourage (Sif Muna gifted it to you in the Dungeon)
  1064 | D        | Learned a level 8 spell: Summon Horrible Things
  1067 | D        | Identified Sif Muna's Guide on the Entourage (Sif Muna gifted it to you in the Dungeon)
  1152 | D        | Entered arena 11.
  1152 | D        | Noticed a centaur warrior
  1152 | D        | Noticed a stone giant
  1152 | D        | Noticed a stone giant
  1152 | D        | Noticed a wizard
  1152 | D        | Noticed a vault guard
  1152 | D        | Noticed a stone giant
  1152 | D        | Noticed a stone giant
  1153 | D        | Killed from afar by a wizard

Vault maps used:
D:        sprint_v

Skill      XL: |  1  2  3  4  5  6  7  8  9 10 11 |
---------------+----------------------------------+-----
Evocations     | 8 |  8.0
Spellcasting   | 3 4 5 7 9 10 11 12 | 12.0
Conjurations   | 3 4 6 9 10 12 | 12.7
Fire Magic     | 5 7 |  7.9
Fighting       | 2 |  2.7
Dodging        | 3 |  3.5
Summonings     | 10 15 16 | 16.1
Invocations    | 2 |  2.7
Stealth        | |  2.6

Action                   |  1- 3 |  4- 6 |  7- 9 | 10-12 || total
-------------------------+-------+-------+-------+-------++-------
Melee: Lance             |       |     2 |     4 |       ||     6
       Tentacles         |       |     1 |     2 |     1 ||     4
       Staff             |       |       |       |     1 ||     1
 Cast: Fireball          |       |       |     9 |     8 ||    17
       Bolt of Fire      |       |       |       |     1 ||     1
       Summon Horrible T |       |       |       |     1 ||     1
Evoke: Wand              |       |     7 |     4 |    12 ||    23
       Phial of floods   |       |     1 |       |     1 ||     2
       Box of beasts     |       |       |       |     2 ||     2
       Sack of spiders   |       |       |       |     1 ||     1
  Use: Potion            |     1 |       |     1 |     4 ||     6
       Scroll            |       |     1 |       |     5 ||     6
  Eat: Bread ration      |       |       |       |     1 ||     1
Dodge: Dodged            |       |       |       |     3 ||     3
Block: Shield            |       |     1 |    10 |    25 ||    36
